 Dungeon Crawl Stone Soup version 0.27-a0-1185-ga233589e6f (webtiles) character file.

Game seed: 9390056950162406867

185 Morbidden the Chucker (level 5, -19/40 HPs)
             Began as a Demonspawn Hunter on May 19, 2021.
             Demolished by an ogre
             ... wielding a +0 giant club
              (20 damage)
             ... on level 4 of the Dungeon.
             The game lasted 00:03:47 (3128 turns).

Morbidden the Chucker (Demonspawn Hunter)           Turns: 3128, Time: 00:03:48

Health: -19/40     AC:  7    Str: 12    XL:     5   Next: 37%
Magic:  5/5        EV:  8    Int: 13    God:
Gold:   148        SH:  3    Dex: 14    Spells: 4/4 levels left

rFire    . . .     SeeInvis .   a - +1 dagger (elec)
rCold    . . .     Faith    .   p - +0 buckler
rNeg     . . .     Spirit   .   u - +0 scale mail
rPois    .         Reflect  .   (no helmet)
rElec    .         Harm     .   (no cloak)
rCorr    .         Rampage  .   (no gloves)
Will     .....                  i - +0 pair of boots
Stlth    +.........             (no amulet)
HPRegen  0.13/turn              (no ring)
MPRegen  0.09/turn              (no ring)

@: no status effects
A: demonic guardian 1, ignite blood 1
a: no special abilities


You were on level 4 of the Dungeon.
You visited 1 branch of the dungeon, and saw 4 of its levels.

You collected 148 gold pieces.

Inventory:

Hand Weapons
 a - a +1 dagger of electrocution (weapon)
 b - a +2 hunting sling of flaming
Missiles
 c - 10 javelins (quivered)
 m - 10 poisoned darts
 o - 18 stones
Armour
 i - a +0 pair of boots (worn)
 p - a +0 buckler (worn)
 u - a +0 scale mail (worn)
Wands
 e - a wand of charming (7)
Scrolls
 j - a scroll of holy word {unknown}
 k - 2 scrolls of identify {unknown}
 r - a scroll of blinking {unknown}
 s - 2 scrolls of magic mapping {unknown}
 t - a scroll of enchant armour {unknown}
 w - 2 scrolls of teleportation {unknown}
 x - a scroll of fear {unknown}
Potions
 f - a potion of invisibility {unknown}
 g - 2 potions of curing {unknown}
 h - a potion of might {unknown}
 l - a potion of haste {unknown}
 n - a potion of brilliance {unknown}
 q - a potion of attraction {unknown}
 v - a potion of lignification {unknown}


   Skills:
 * Level 2.8 Fighting
 + Level 1.3 Short Blades
 + Level 1.2(2.9) Slings
 + Level 4.0(4.2) Throwing
 + Level 1.5 Armour
 + Level 2.6 Dodging
 + Level 2.0 Stealth


You had 4 spell levels left.
You didn't know any spells.
Your spell library was empty.

Dungeon Overview and Level Annotations

Branches:
Dungeon (4/15)
 Temple: D:4-7

Altars:
Elyvilon
Nemelex Xobeh
Ru


Innate Abilities, Weirdness & Mutations

A weak demonic guardian rushes to your aid.
Your demonic aura sometimes causes spilled blood to erupt in flames.


Message History

Aim: an ogre, wielding a +0 giant club (severely wounded, 76% to hit)
You throw a throwing net. The throwing net hits the ogre.
The ogre is caught in the net!
The ogre is severely wounded.
The ogre struggles against the net.
A hobgoblin comes into view.
Unknown command.
Unknown command.
The ogre struggles against the net.
The ogre struggles against the net.
The ogre struggles against the net. x2
The net rips apart, and the ogre comes free!
Throw: 13 javelins
Press: ? - help, Q - select action, (/) - cycle Shift-Dir - straight line, f/p - ogre
Aim: an ogre, wielding a +0 giant club (severely wounded, 75% to hit)
You throw a javelin. The javelin barely misses the ogre.
Unknown command.
Unknown command.
Throw: 12 javelins
Press: ? - help, Q - select action, (/) - cycle Shift-Dir - straight line, f/p - ogre
Aim: an ogre, wielding a +0 giant club (severely wounded, 76% to hit)
You throw a javelin. The javelin pierces through the ogre.
The ogre is severely wounded.
Unknown command.
Unknown command.
Throw: 11 javelins
Press: ? - help, Q - select action, (/) - cycle Shift-Dir - straight line, f/p - ogre
Aim: an ogre, wielding a +0 giant club (severely wounded, 76% to hit)
You throw a javelin. The javelin barely misses the ogre.
The ogre hits you with a +0 giant club!
* * * LOW HITPOINT WARNING * * *
A demonic guardian appears!
Unknown command.
Unknown command.
Unknown command.
You barely miss the ogre.
The ogre is severely wounded.
The ogre hits you with a +0 giant club!!
Ouch! That really hurt!
You die...

##############################
................@O5....(.((.((
#############################g
######### .......>##########
#.#...............
#.#.......######## #.#.......#


You could see an ogre (ally target) and a friendly shadow imp (summoned).

Vanquished Creatures
  A water moccasin skeleton (D:4)
  A howler monkey zombie (D:3)
  3 gnolls (D:3)
  4 adders
  4 worms
  A dart slug (D:2)
  2 bats
  3 endoplasms
  3 giant cockroaches (D:1)
  3 goblins
  3 hobgoblins (D:3)
  3 jackals (D:1)
  4 quokkas
  5 ball pythons
  2 frilled lizards (D:1)
  9 kobolds
  3 rats
54 creatures vanquished.

Vanquished Creatures (others)
  5 plants (D:3)
5 creatures vanquished.

Grand Total: 59 creatures vanquished

Notes
Turn   | Place    | Note
-------+----------+-------------------------------------------
     0 | D:1      | Morbidden the Demonspawn Hunter began the quest for the
                  | Orb.
     0 | D:1      | Reached XP level 1. HP: 16/16 MP: 1/1
   177 | D:1      | Found a faded altar of an unknown god.
   283 | D:1      | Reached skill level 1 in Stealth
   283 | D:1      | Gained mutation: Your demonic aura sometimes causes spilled
                  | blood to erupt in flames. [demonic ancestry]
   283 | D:1      | Reached XP level 2. HP: 16/22 MP: 2/2
   544 | D:1      | Reached skill level 4 in Throwing
  1015 | D:2      | Reached XP level 3. HP: 27/27 MP: 3/3
  1029 | D:2      | Reached skill level 1 in Short Blades
  1774 | D:3      | Found a sacrificial altar of Ru.
  1774 | D:3      | Found a sparkling altar of Nemelex Xobeh.
  1812 | D:3      | Gained mutation: A weak demonic guardian rushes to your
                  | aid. [demonic ancestry]
  1812 | D:3      | Reached XP level 4. HP: 28/34 MP: 4/4
  1826 | D:3      | Reached skill level 1 in Armour
  2927 | D:4      | Reached skill level 1 in Slings
  2927 | D:4      | Reached XP level 5. HP: 27/39 MP: 5/5
  3109 | D:4      | Noticed an ogre
  3127 | D:4      | HP: 1/40 [ogre/+0 giant club (14)]
  3128 | D:4      | Demolished by an ogre

Illustrated notes

Levels and vault maps discovered:
D:1:      dpeg_arrival_rhombus, layout_basic,
          hellmonk_ecumenical_altar_lost_god, minmay_misc_feat_enclosed
D:2:      layout_rooms, minmay_pentomino_w2
D:3:      layout_loops_ring, gammafunk_temple_overflow_forgotten,
          serial_bayou_crossing
D:4:      layout_basic, bloody_makhleb

Skill      XL: |  1  2  3  4 |
---------------+-------------+-----
Stealth        | 1 2 |  2.0
Throwing       | 4 |  4.0
Dodging        | 2 |  2.6
Short Blades   | 1 |  1.3
Armour         | 1 |  1.5
Slings         | 1 |  1.2
Fighting       | |  2.8

Action                   |  1- 3 |  4- 6 || total
-------------------------+-------+-------++-------
Melee: Short sword       |    54 |       ||    54
       Dagger            |    62 |    26 ||    88
 Fire: Hunting sling     |       |    42 ||    42
Throw: Javelin           |     2 |     3 ||     5
       Dart              |     1 |     1 ||     2
       Throwing net      |       |     2 ||     2
 Stab: Sleeping          |     6 |     1 ||     7
Armor: Leather armour    |    33 |     6 ||    39
       Scale mail        |       |     3 ||     3
Dodge: Dodged            |    73 |    13 ||    86
Block: Buckler           |       |     1 ||     1

Table legend: (Time is in decaauts)
 A = Elapsed time spent in this place.
 B = Non-inter-level travel time spent in this place.
 C = Inter-level travel time spent in this place.
 D = Time resting spent in this place.
 E = Time spent auto-exploring this place.
 F = Levels seen in this place.
 G = Mean time per level.
                   A        B        C        D        E       F      G
               +--------+--------+--------+--------+--------+-----+--------+
         Total |   3152 |   2994 |    158 |    124 |   2317 |   4 |  788.0 |
       Dungeon |   3152 |   2994 |    158 |    124 |   2317 |   4 |  788.0 |
               +--------+--------+--------+--------+--------+-----+--------+

Top non-repeatable levels by time:
     D:1: 1123 daAuts
     D:3: 1094 daAuts
     D:2: 655 daAuts
     D:4: 279 daAuts
